Unix NetHack Version 5.0.0-0 post-release - last build May 17 2026 04:57:42 (dc50c8380fa5e20985bfe3072449f57b8d9895ef,branch:main).

Game began 2026-05-18 17:17:05, ended 2026-05-18 17:25:12.

ArrBianca, lawful female dwarven Archeologist

                                           ----------      -----
                              ------       |........|      |...|
                              |....|       |...{....|   #  ....|
                             #.....|       |.........####  |...|     ---------
                             #|....|       |........|   ###....|     |.......|
     --------------         ##|...>|       -------.--      |...|     |...%...|
     |!!%?!%?(??*.|  ######## |....|              #        |...|####@d..**...|
     |[)[%)?"]?*%.-###        ---|--              #        -.---#    |.......|
     |%!![([.*[(!?|              #                #         ## ##    ------.--
     --------------              #              ###          #             #
                                ##             ##            ###        ####
                              --.--          ##(  #####        #    #####
                              |...|    ------|--------#        #    #
                              |...-#   |.............|#################
                              |...|#   |.............|      -----.--.-|-
                              |...|### |.............|  ####...........|
                              -----  # |.............|      |.....)....|
                                     ##..............|      |....<.....|
                                       ---------------      ------------

ArrBianca the Field Worker  St:13 Dx:11 Co:11 In:15 Wi:15 Ch:9  Lawful
Dlvl:3  $:55 HP:0(25) Pw:5(5) AC:7  Xp:3 T:1634 

Latest messages:
 The kobold lord hits!
 You miss the kobold lord.
 The kobold lord hits!
 You lash the kobold lord.
 You lash the kobold lord.
 You kill the kobold lord!
 What do you want to use or apply? [ae-i or ?*] f
 There is a kobold lord corpse here; tin it? [ynq] (n) y
 v - a tin of kobold leader meat.
 w - 4 darts.
 Where do you want to travel to?
 (For instructions type a '?')
 You hear someone cursing shoplifters.
 You see here a crude dagger.
 That door is closed.
 In what direction? k
 Thwack!!
 In what direction? k
 Thwack!!
 Thwack!!
 As you kick the door, it crashes open!
 You find a magic trap.
 A trap door in the ceiling opens and a rock falls on your head!
 Your fedora does not protect you.
 You see here a violet gem.
 Double m prefix, canceled.
 Double m prefix, canceled.
 x - a violet gem.
 What do you want to use or apply? [ae-i or ?*] g
 What do you want to rub on the stone? [$x or ?*] x
 x - a worthless piece of violet glass.
 What do you want to drop? [$ac-ikmnrv-x or ?*] x
 You drop a worthless piece of violet glass.
 The door resists!
 The door resists!
 The door opens.
 Where do you want to travel to?
 (For instructions type a '?')
 The little dog is hit by a rock!
 The little dog just misses!
 The little dog bites!
 You lash the little dog.
 The little dog bites!
 You lash the little dog.
 The little dog bites!
 You miss the little dog.
 The little dog bites!
 You die...
 Do you want your possessions identified? [ynq] (y) y
 Do you want to see your attributes? [ynq] (y) q

Inventory:
 Coins    ('$')
  $ - 55 gold pieces
 Weapons  (')')
  w - 4 +0 darts
  a - a +2 bullwhip (weapon in right hand)
 Armor    ('[')
  c - an uncursed +0 fedora (being worn)
  k - an uncursed +0 studded leather armor (being worn)
 Comestibles  ('%')
  d - 4 uncursed food rations
  n - 4 uncursed tripe rations
  r - an uncursed homemade tin of acid blob
  v - an uncursed homemade tin of kobold leader meat
 Potions  ('!')
  m - an uncursed potion of invisibility
 Tools    ('(')
  h - an empty uncursed sack
  i - a magic marker (0:22)
  e - a +0 pick-axe
  f - a tinning kit (0:67)
 Gems/Stones  ('*')
  g - an uncursed touchstone

ArrBianca the Archeologist's attributes:

Background:
 You were a Field Worker, a level 3 female dwarven Archeologist.
 You were lawful, on a mission for Quetzalcoatl
 who was opposed by Camaxtli (neutral) and Huhetotl (chaotic).
 You were right-handed.
 You were in the Dungeons of Doom, on level 3.
 You entered the dungeon 1634 turns ago.
 There was a new moon in effect when your adventure ended.
 You had 62 experience points, 18 more were needed to attain level 4.

Basics:
 You had 0 out of 25 hit points.
 You had all 5 energy points (spell power).
 Your armor class was 7.
 Your wallet contained 55 zorkmids.
 Autopickup was on for '$?!/="+%' plus thrown, with exceptions.

Final Characteristics:
 Your strength was 13 (limit:18/100).
 Your dexterity was 11 (limit:20).
 Your constitution was 11 (limit:20).
 Your intelligence was 15 (limit:16).
 Your wisdom was 15 (limit:16).
 Your charisma was 9 (limit:16).

Final Status:
 You weren't hungry.
 You were unencumbered.
 You were wielding a whip.
 You had basic skill with whip.

Final Attributes:
 You were devoutly aligned.
 You had automatic searching.
 You had infravision.
 You were warded.
 You were lucky.
 You are dead.

Miscellaneous:
 You didn't encounter any bones levels.
 Total elapsed playing time was 8 minutes and 7 seconds.

Major events:
 Turn
    1: ArrBianca the lawful female dwarven Archeologist entered the dungeon
 1293: attained the rank of Field Worker (level 3)
 1634: killed by a little dog

You didn't know any spells.

Skills:
 Fighting Skills
   bare handed combat [Unskilled]
   two weapon combat  [Unskilled]
   riding             [Unskilled]
 Weapon Skills
   dagger             [Unskilled]
   knife              [Unskilled]
   pick-axe           [Basic]
   short sword        [Unskilled]
   saber              [Unskilled]
   club               [Unskilled]
   quarterstaff       [Unskilled]
   sling              [Unskilled]
   dart               [Unskilled]
   boomerang          [Unskilled]
   whip               [Basic]
   unicorn horn       [Unskilled]
 Spellcasting Skills
   attack spells      [Unskilled]
   healing spells     [Unskilled]
   divination spells  [Unskilled]
   matter spells      [Unskilled]

Voluntary challenges:
 Character rerolling was not enabled.
 You never had a pet.
 You never genocided any monsters.
 You never polymorphed an object.
 You never changed form.
 You used no wishes.
Achievements:
 You attained the rank of Field Worker.
 You entered a shop.

 The Dungeons of Doom: levels 1 to 3
    Level 1:
       A fountain.
    Level 2:
       An altar to Quetzalcoatl, a fountain, a sink.
    Level 3: <- You were here.
       A general store, a fountain.
       Final resting place for
          you, killed by a little dog.


Vanquished creatures:
  a kobold leader
 an acid blob
  a giant rat
  2 cave spiders
  a gecko
  2 jackals
  4 goblins
  a sewer rat
  4 grid bugs
  2 lichens
  a kobold zombie
  5 newts
25 creatures vanquished.

No species were genocided or became extinct.

Game over:
                       ----------
                      /          \
                     /    REST    \
                    /      IN      \
                   /     PEACE      \
                  /                  \
                  |    ArrBianca     |
                  |      55 Au       |
                  |   killed by a    |
                  |    little dog    |
                  |                  |
                  |                  |
                  |       2026       |
                 *|     *  *  *      | *
        _________)/\\_//(\/(/\)/\//\/|_)_______

Goodbye ArrBianca the Archeologist...

You died in The Dungeons of Doom on dungeon level 3 with 398 points,
and 55 pieces of gold, after 1634 moves.
You were level 3 with a maximum of 25 hit points when you died.

